Map: Redshift LE

Players

Jason - Winner!

  • Race: Terran Terran
  • League: Grandmaster
  • Spawn Location: 7:00

Rob

  • Race: Protoss Protoss
  • League: Grandmaster
  • Spawn Location: 11:00

VOD

Have the link to the VOD?

Description

Time

  • Played on: May 14, 2019, 1:20 p.m.
  • Length: 12:36
Show
View Real Time Build Order
Export as new Build Order

Jason Terran - Winner!

Build Orders: Gas First Reaper Expand 

Get SALT Encoding   

  12  0:01  SCV  
  13  0:13  SCV  
  14  0:17  Supply Depot  
  14  0:25  SCV  
  15  0:30  Refinery  
  15  0:39  SCV  
  16  0:47  Barracks  
  16  0:51  SCV  
  17  1:03  SCV  
  18  1:16  SCV  
  19  1:34  Reaper  
  19  1:35  Orbital Command  
  20  1:47  Command Center  
  20  2:00  Supply Depot  
  20  2:03  SCV  
  20  2:07  Barracks Reactor  
  21  2:13  Factory  
  21  2:15  SCV  
  22  2:18  Barracks Tech Lab  
  22  2:20  Barracks  
  22  2:27  SCV  
  24  2:37  Marauder, Concussive Shells  
  24  2:41  Barracks  
  24  2:42  SCV  
  25  2:55  SCV  
  26  3:00  Marauder  
  28  3:06  Supply Depot  
  28  3:07  SCV  
  28  3:08  Marine  
  31  3:20  SCV  
  31  3:28  Marine  
  31  3:30  Marine x2  
  32  3:38  SCV  
  32  3:40  Refinery  
  33  3:43  Stimpack  
  33  3:46  Marauder  
  35  3:50  Marine  
  35  3:51  Marine  
  35  3:53  SCV  
  38  3:58  Orbital Command  
  38  4:05  SCV  
  39  4:12  Bunker  
  39  4:14  Factory  
  39  4:18  Marine  
  39  4:20  SCV  
  40  4:28  Barracks Reactor  
  40  4:30  SCV  
  40  4:32  SCV  
  40  4:36  Engineering Bay  
  40  4:37  Bunker  
  41  4:42  SCV  
  41  4:44  SCV  
  41  4:45  Marine x2  
  45  4:54  SCV  
  45  4:56  SCV  
  47  5:01  Starport, Factory Reactor  
  47  5:06  SCV, Missile Turret  
  47  5:15  Marine  
  47  5:17  SCV  
  47  5:18  SCV  
  47  5:21  Marine  
  47  5:28  Marine x2  
  49  5:30  SCV x2  
  49  5:35  Refinery  
  52  5:39  Marine x2  
  54  5:45  Supply Depot  
  54  5:46  Supply Depot  
  54  5:51  Combat Shield, Barracks Tech Lab  
  54  5:56  Terran Infantry Weapons Level 1  
  54  5:57  Factory Reactor  
  54  6:06  SCV x2, Marauder, Marine x2  
  54  6:10  Medivac  
  54  6:11  Medivac  
  64  6:14  Marauder  
  66  6:18  SCV  
  66  6:21  SCV, Supply Depot  
  66  6:25  Marine x2  
  70  6:37  Supply Depot  
  70  6:42  SCV x2  
  70  6:43  Marauder x2  
  70  6:46  Marine x2  
  78  6:58  SCV x2, Medivac x2  
  78  7:01  Command Center  
  84  7:04  Widow Mine  
  86  7:11  Supply Depot  
  86  7:13  Supply Depot  
  86  7:21  SCV x2, Widow Mine, Marine x2  
  91  7:23  Marine x2, Supply Depot  
  93  7:37  SCV  
  93  7:38  Marine  
  93  7:39  Marauder  
  93  7:41  Marauder, Marine  
  93  7:43  Medivac  
  102  7:44  Widow Mine  
  102  7:45  SCV  
  102  7:49  SCV  
  106  7:56  Marine  
  106  7:57  Barracks  
  107  7:59  Barracks  
  107  8:00  Marauder  
  109  8:08  Marauder, Marine  
  109  8:12  Widow Mine x2  
  116  8:14  Marine  
  112  8:21  Marine  
  112  8:22  SCV  
  112  8:23  Orbital Command  
  112  8:25  Marine  
  115  8:32  Marine x2  
  115  8:34  Widow Mine  
  119  8:39  Marauder  
  115  8:45  SCV x2  
  115  8:47  Refinery, Marine x2  
  119  8:50  Marauder, Medivac x2  
  119  8:51  Barracks Tech Lab  
  125  9:00  Widow Mine  
  112  9:10  Marine x2  
  112  9:11  SCV x2  
  112  9:15  Marine  
  112  9:16  Marauder, Barracks Tech Lab  
  117  9:18  Terran Infantry Armor Level 1  
  117  9:19  SCV, Engineering Bay  
  117  9:20  Medivac x2  
  117  9:24  SCV  
  123  9:25  SCV  
  123  9:26  Marine  
  123  9:28  Marine  
  123  9:30  Marine  
  127  9:32  SCV  
  127  9:33  Marine  
  127  9:36  SCV  
  127  9:37  SCV, Widow Mine x2  
  133  9:43  Marine  
  133  9:45  Marine  
  135  9:47  Starport  
  115  10:00  Widow Mine  
  115  10:02  Marine  
  115  10:05  Marine  
  115  10:06  Marauder, Marine  
  115  10:07  Widow Mine  
  117  10:09  SCV  
  117  10:13  Marine x2  
  111  10:17  SCV x2  
  111  10:19  Marine, Refinery  
  111  10:20  Refinery  
  111  10:21  Viking x2  
  116  10:23  Marine  
  116  10:24  Armory, Marauder  
  116  10:27  Supply Depot  
  119  10:31  SCV  
  119  10:35  Sensor Tower  
  120  10:37  Marine x2  
  120  10:38  SCV  
  121  10:43  SCV  
  121  10:44  SCV  
  121  10:45  Factory Reactor, Ghost Academy  
  121  10:46  Missile Turret  
  123  10:50  SCV, Supply Depot x2, Marine  
  123  10:51  Marine, Supply Depot  
  123  10:55  SCV  
  123  10:56  SCV, Supply Depot  
  128  10:57  Marauder, Marine  
  128  11:02  SCV  
  131  11:06  Marine x2  
  131  11:07  SCV  
  131  11:08  SCV, Viking  
  131  11:11  Viking  
  133  11:18  Viking x2  
  133  11:20  SCV  
  137  11:35  Marine x2  
  137  11:36  Marauder  
  137  11:37  Widow Mine  
  143  11:40  Marine x2  
  143  11:41  Marauder  
  146  11:50  Viking  
  146  11:52  Viking x2  
  146  11:53  Marine x2  
  154  11:57  Marine  
  154  11:58  Marine  
Show
View Real Time Build Order
Export as new Build Order

Rob Protoss 

Build Orders:  

Get SALT Encoding   

  12  0:00  Probe  
  13  0:13  Probe  
  14  0:18  Pylon  
  14  0:25  Probe  
  15  0:43  Pylon  
  15  0:46  Pylon  
  15  0:49  Gateway  
  15  0:50  Pylon  
  15  0:53  Assimilator  
  15  0:58  Probe  
  16  1:08  Probe  
  17  1:12  Gateway  
  17  1:16  Probe  
  17  1:24  Probe  
  19  1:36  Probe  
  20  1:42  Cybernetics Core  
  20  1:48  Probe  
  20  1:50  Zealot  
  23  2:09  Stalker  
  22  2:18  Stalker  
  26  2:24  Warp Gate  
  26  2:34  Probe  
  27  2:38  Stalker  
  29  2:52  Probe  
  29  2:58  Nexus  
  30  3:02  Assimilator  
  30  3:10  Pylon  
  30  3:16  Probe  
  29  3:30  Stalker  
  33  3:38  Probe  
  32  3:46  Stargate, Probe  
  30  3:50  Gateway  
  30  3:54  Probe  
  32  4:05  Probe  
  33  4:13  Stalker x2  
  33  4:14  Probe  
  38  4:17  Probe  
  38  4:22  Oracle  
  39  4:32  Probe x2  
  39  4:34  Shield Battery  
  39  4:37  Pylon  
  44  4:38  Adept  
  44  4:44  Probe x2  
  48  4:46  Assimilator  
  48  4:56  Probe x2  
  48  4:58  Assimilator  
  50  5:00  Oracle  
  53  5:08  Probe  
  54  5:29  Pylon  
  54  5:31  Pylon  
  54  5:36  Twilight Council  
  54  5:40  Robotics Facility  
  54  5:45  Probe  
  54  5:47  Probe  
  56  5:52  Zealot x2  
  56  5:53  Probe, Pylon  
  60  5:59  Probe  
  60  6:02  Probe  
  62  6:05  Oracle  
  62  6:06  Blink  
  62  6:09  Forge  
  62  6:11  Probe  
  67  6:14  Probe  
  68  6:20  Pylon  
  68  6:21  Pylon  
  68  6:23  Immortal, Probe  
  69  6:37  Robotics Bay  
  69  6:39  Zealot x2  
  75  7:02  Gateway x2  
  75  7:03  Gateway  
  75  7:04  Gateway  
  75  7:05  Gateway  
  75  7:10  Sentry x2  
  79  7:27  Disruptor  
  79  7:37  Zealot x2  
  79  7:43  Gateway  
  86  7:46  Extended Thermal Lance  
  86  7:47  Pylon  
  86  7:48  Pylon  
  86  7:53  Colossus  
  86  8:09  Zealot x6  
  92  8:32  Sentry x4  
  92  8:33  Zealot x3  
  98  8:35  Colossus  
  96  8:44  Cybernetics Core  
  96  8:46  Zealot  
  100  9:00  Zealot x4  
  88  9:14  Charge  
  86  9:25  Colossus  
  90  9:33  Stalker x4  
  98  9:45  Stalker x2  
  102  9:50  Zealot x2  
  86  10:09  Stalker x2  
  86  10:10  Stalker, Disruptor  
  90  10:21  Stalker x2  
  90  10:22  Stalker  
  96  10:29  Stalker  
  96  10:32  Sentry  
  100  10:36  Stalker  
  102  10:44  Pylon  
  102  10:45  Pylon  
  102  10:46  Pylon  
  102  10:54  Warp Prism  
  102  11:13  Zealot x5  
  112  11:21  Zealot x2  
  112  11:22  Zealot  
  118  11:31  Pylon  
  116  11:43  Nexus  
  103  11:57  Sentry x3  
  103  11:58  Sentry x4  
Tags
 
Add a new tag
Caveats
  • Supply blocks, unpowered buildings, or Contaminate may cause inaccurate times.
  • Supply counts are checked every 10 seconds.